 Dungeon Crawl Stone Soup version 0.29.1-15-g9cfb28693d (webtiles) character file.

Game seed: 11750939892918193139

25 jtron the Nimble (level 3, -15/28 HPs)
             Began as a Gnoll Wanderer on Mar 20, 2023.
             Was a Follower of Uskayaw.
             Demolished by an orc wizard
             ... wielding a +2 dagger of electrocution
              (17 damage)
             ... on level 2 of the Dungeon.
             The game lasted 00:01:54 (1722 turns).

jtron the Nimble (Gnoll Wanderer)                   Turns: 1722, Time: 00:01:55

Health: -15/28     AC:  3    Str:  9    XL:     3   Next: 4%
Magic:  4/7        EV: 14    Int: 13    God:    Uskayaw [*.....]
Gold:   140        SH:  5    Dex: 13    Spells: 6/7 levels left

rFire   . . .      SeeInvis .   a - +0 dagger (drain)
rCold   . . .      Faith    .   c - +0 buckler
rNeg    . . .      Spirit   .   e - +0 leather armour
rPois   .          Reflect  .   (no helmet)
rElec   .          Harm     .   (no cloak)
rCorr   .          Rampage  .   (no gloves)
Will    .....                   (no boots)
Stlth   +.........              (no amulet)
HPRegen 0.09/turn               (no ring)
MPRegen 0.10/turn               (no ring)

@: no status effects
A: fangs 1, strong nose, distributed training
a: Renounce Religion, Stomp


You were on level 2 of the Dungeon.
You worshipped Uskayaw.
Uskayaw was noncommittal.
You visited 1 branch of the dungeon, and saw 2 of its levels.

You collected 140 gold pieces.

Inventory:

Hand Weapons
 a - a +0 dagger of draining (weapon)
 j - a +0 dagger
Missiles
 b - 2 throwing nets (quivered)
 k - 12 stones
 l - 2 poisoned darts
Armour
 c - a +0 buckler (worn)
 e - a +0 leather armour (worn)
Scrolls
 f - 2 scrolls of identify {unknown}
 h - a scroll of vulnerability {unknown}
 i - a scroll of immolation {unknown}
Potions
 d - a potion of haste
 g - 2 potions of curing {unknown}
 m - a potion of attraction {unknown}
 n - a potion of mutation {unknown}


   Skills:
 + Level 2.5 Fighting
 + Level 0.6 Short Blades
 + Level 0.6 Long Blades
 + Level 0.6 Axes
 + Level 0.6 Maces & Flails
 + Level 0.6 Polearms
 + Level 0.6 Staves
 + Level 0.6 Ranged Weapons
 + Level 0.6 Throwing
 + Level 0.6 Armour
 + Level 8.5 Dodging
 + Level 0.6 Stealth
 + Level 4.5 Shields
 + Level 0.6 Unarmed Combat
 + Level 2.8 Spellcasting
 + Level 0.4 Conjurations
 + Level 0.4 Hexes
 + Level 0.4 Summonings
 + Level 0.4 Necromancy
 + Level 0.4 Translocations
 + Level 0.4 Transmutations
 + Level 0.4 Fire Magic
 + Level 0.4 Ice Magic
 + Level 2.1 Air Magic
 + Level 0.4 Earth Magic
 + Level 0.4 Poison Magic
 + Level 0.8 Invocations
 + Level 2.5 Evocations


You had 6 spell levels left.
You knew the following spells:

 Your Spells              Type           Power      Damage    Failure   Level
a - Shock                 Conj/Air       20%        1d4       26%         1

Your spell library contained the following spells:

 Spells                   Type           Power      Damage    Failure   Level
 Sandblast                Erth           6%         2d5       34%         1
 Passwall                 Tmut/Erth      2%         N/A       45%         2
 Swiftness                Air            7%         N/A       47%         3
 Stone Arrow              Conj/Erth      6%         3d7       71%         3


Dungeon Overview and Level Annotations

Branches:
Dungeon (2/15)

Altars:
Fedhas
Uskayaw


Innate Abilities, Weirdness & Mutations

You have very sharp teeth.
Your uncanny sense of smell can sniff out nearby items.
Your experience applies equally to all skills.


Message History

The orc wizard hits you with a +2 dagger of electrocution.
The orc closely misses you.
The orc wizard points at you and mumbles some strange words.
The magic dart hits you! You block the orc's attack.
You closely miss the orc wizard.
The orc wizard is moderately wounded.
The orc wizard closely misses you. The orc barely misses you.
You hit the orc wizard. You drain the orc wizard.
The orc wizard is severely wounded.
The orc wizard barely misses you. The orc hits you with a +0 club.
You can now pass through a line of other dancers.
You are too injured to fight recklessly!
You are too injured to fight recklessly!
You are too injured to fight recklessly!
You are too injured to fight recklessly!
You are too injured to fight recklessly!
You are too injured to fight recklessly!
You are too injured to fight recklessly!
You are too injured to fight recklessly!
You are too injured to fight recklessly!
You are too injured to fight recklessly!
You are too injured to fight recklessly!
You are too injured to fight recklessly!
You are too injured to fight recklessly!
You are too injured to fight recklessly!
You stomp with the beat, sending a shockwave through the revellers around you!
The orc wizard is almost dead.
The orc is severely wounded.
You can no longer pass through a line of other dancers.
The orc wizard gestures at you while chanting.
The magic dart hits you!
* * * LOW HITPOINT WARNING * * *
You block the orc's attack.
You closely miss the orc wizard.
The orc wizard is almost dead.
The orc wizard hits you with a +2 dagger of electrocution.
* * * LOW HITPOINT WARNING * * *
You are electrocuted!
Ouch! That really hurt!
You die...

.##.....#######...##
...................#
..#.....#############
..#.....# ?.#...[...#
..#.....# .'.......# ##
..#.....# #.......#o..
..#.....#####.......'...
..#####....##...oo..# ∆
..# ####.#####@##
#....#...# ####.#8.8#
#.#...# #.##.## #..#'#
##..[# #####


You could see an orc wizard (very drained) and 2 orcs.

Vanquished Creatures
  2 ball pythons
  3 bats
  An endoplasm (D:2)
  A giant cockroach (D:1)
  5 goblins
  2 hobgoblins (D:1)
  3 kobolds
  4 frilled lizards (D:1)
  A rat (D:1)
22 creatures vanquished.

Notes
Turn   | Place    | Note
-------+----------+-------------------------------------------
     0 | D:1      | jtron the Gnoll Wanderer began the quest for the Orb.
     0 | D:1      | jtron set off with the following items: a +0 dagger, 2
                  | throwing nets, a +0 buckler, a potion of haste, a +0
                  | leather armour; and the following spell memorised: Shock;
                  | and the following spells available to memorise: Swiftness.
     0 | D:1      | Reached XP level 1. HP: 17/17 MP: 4/4
   587 | D:1      | Reached XP level 2. HP: 23/23 MP: 5/5
  1520 | D:2      | Reached XP level 3. HP: 27/28 MP: 7/7
  1565 | D:2      | Found a blossoming altar of Fedhas.
  1608 | D:2      | Found a faded altar of an unknown god.
  1610 | D:2      | Prayed at the altar of an unknown god.
  1610 | D:2      | Became a worshipper of Uskayaw the Reveller
  1610 | D:2      | Reached * piety under Uskayaw
  1714 | D:2      | Found the +1 Delatra's gloves {ID++}
  1720 | D:2      | Reached ** piety under Uskayaw
  1722 | D:2      | Demolished by an orc wizard

Illustrated notes

Levels and vault maps discovered:
D:1:      heliophobic_arrival_battle_scene, layout_basic,
          chequers_serial_rivers_small_3, minivault_23
D:2:      layout_rooms, basic_altar, chequers_ecumenical_altar_twisty,
          chequers_serial_rivers_micro_b, pf_guarded_unrand_delatra

Skill      XL: |  1 |
---------------+----+-----
Air Magic      | 2 |  2.1
Fighting       | |  2.5
Short Blades   | |  0.6
Long Blades    | |  0.6
Axes           | |  0.6
Maces & Flails | |  0.6
Polearms       | |  0.6
Staves         | |  0.6
Ranged Weapons | |  0.6
Throwing       | |  0.6
Armour         | |  0.6
Dodging        | |  8.5
Stealth        | |  0.6
Shields        | |  4.5
Unarmed Combat | |  0.6
Spellcasting   | |  2.8
Conjurations   | |  0.4
Hexes          | |  0.4
Summonings     | |  0.4
Necromancy     | |  0.4
Translocations | |  0.4
Transmutations | |  0.4
Fire Magic     | |  0.4
Ice Magic      | |  0.4
Earth Magic    | |  0.4
Poison Magic   | |  0.4
Invocations    | |  0.8
Evocations     | |  2.5

Action                   || total
-------------------------++-------
Melee: Dagger            ||   107
       Bite              ||     6
Invok: Stomp             ||     1
 Stab: Sleeping          ||     1
Armor: Leather armour    ||    24
Dodge: Dodged            ||    69
Block: Buckler           ||    25
